Map: Aire du défenseur EC

Players

arkéo - Winner!

  • Race: Protoss Protoss
  • League: Gold
  • Spawn Location: 1:00

zidar

  • Race: Zerg Zerg
  • League: Gold
  • Spawn Location: 7:00

VOD

Have the link to the VOD?

Description

Time

  • Played on: July 3, 2017, 12:08 p.m.
  • Length: 12:50
Show
View Real Time Build Order
Export as new Build Order

arkéo Protoss - Winner!

Build Orders: 1 Gate Expand, Double Forge 

Get SALT Encoding   

  12  0:00  Probe (Chrono Boost)  
  13  0:11  Probe (Chrono Boost)  
  14  0:20  Pylon  
  14  0:24  Probe (Chrono Boost)  
  15  0:39  Probe (Chrono Boost)  
  16  0:43  Gateway  
  16  0:49  Probe (Chrono Boost), Assimilator  
  17  1:00  Probe (Chrono Boost)  
  18  1:10  Probe (Chrono Boost)  
  19  1:21  Probe (Chrono Boost)  
  20  1:32  Cybernetics Core  
  20  1:34  Probe (Chrono Boost)  
  21  1:43  Nexus  
  21  1:46  Probe (Chrono Boost)  
  22  1:51  Assimilator  
  22  1:56  Probe (Chrono Boost)  
  23  2:02  Pylon  
  23  2:20  Probe (Chrono Boost)  
  24  2:25  Pylon  
  24  2:31  Probe (Chrono Boost)  
  25  2:37  Twilight Council  
  25  2:40  Warp Gate  
  25  2:41  Mothership Core (Chrono Boost)  
  27  2:45  Adept  
  29  2:59  Probe (Chrono Boost)  
  29  3:00  Probe (Chrono Boost)  
  31  3:09  Probe (Chrono Boost)  
  31  3:10  Probe (Chrono Boost)  
  33  3:17  Adept  
  36  3:20  Probe (Chrono Boost)  
  36  3:28  Assimilator  
  36  3:31  Probe x2 (Chrono Boost), Assimilator  
  38  3:36  Charge  
  38  3:41  Pylon  
  38  3:52  Pylon  
  38  3:56  Probe (Chrono Boost)  
  38  3:57  Probe (Chrono Boost)  
  38  4:01  Sentry  
  42  4:07  Probe x2 (Chrono Boost)  
  44  4:18  Probe (Chrono Boost)  
  44  4:22  Gateway  
  44  4:24  Gateway  
  44  4:28  Gateway  
  44  4:29  Probe (Chrono Boost)  
  44  4:30  Probe (Chrono Boost)  
  46  4:39  Probe (Chrono Boost)  
  46  4:40  Probe (Chrono Boost)  
  48  4:46  Forge x2  
  48  4:50  Templar Archives  
  48  4:56  Robotics Facility  
  49  5:00  Probe x2 (Chrono Boost)  
  49  5:02  Pylon  
  49  5:05  Sentry  
  52  5:10  Probe (Chrono Boost)  
  53  5:19  Protoss Ground Weapons Level 1 (Chrono Boost)  
  53  5:21  Protoss Ground Armor Level 1 (Chrono Boost)  
  53  5:26  Probe (Chrono Boost)  
  54  5:40  Sentry x4  
  54  5:41  Nexus  
  61  6:11  Observer, Pylon  
  62  6:16  Blink  
  62  6:18  Zealot x4  
  66  6:23  Psionic Storm  
  70  6:49  Stalker x4  
  78  6:56  Probe  
  78  6:57  Probe  
  78  6:58  Probe  
  81  7:06  Observer  
  82  7:09  Probe  
  82  7:10  Probe  
  82  7:13  Protoss Ground Weapons Level 2 (Chrono Boost)  
  82  7:14  Protoss Ground Armor Level 2 (Chrono Boost)  
  84  7:20  Zealot x4  
  92  7:28  Immortal (Chrono Boost)  
  96  7:37  Pylon  
  96  7:40  Pylon  
  96  7:41  Probe  
  96  7:42  Probe x2, Assimilator  
  98  7:44  Pylon  
  98  7:46  Assimilator  
  98  7:54  Probe  
  98  7:56  High Templar  
  98  7:57  High Templar x3  
  107  8:06  Gateway  
  107  8:07  Gateway  
  107  8:10  Gateway  
  107  8:13  Gateway  
  107  8:15  Probe x2  
  107  8:16  Probe  
  110  8:22  Immortal (Chrono Boost)  
  114  8:27  Probe  
  114  8:28  Probe  
  116  8:37  High Templar x2  
  116  8:38  High Templar  
  116  8:39  Zealot  
  124  8:42  Archon  
  124  8:43  Archon  
  124  8:59  Pylon  
  124  9:03  Pylon  
  124  9:04  Probe, Pylon  
  125  9:10  Pylon  
  125  9:13  Pylon  
  125  9:17  Probe x3  
  125  9:20  High Templar x2  
  125  9:21  High Templar  
  125  9:22  High Templar x2  
  138  9:24  Zealot  
  138  9:25  Zealot x2  
  138  9:29  Probe, Archon  
  138  9:30  Archon  
  145  9:42  Immortal (Chrono Boost)  
  149  9:51  Zealot  
  149  9:52  Zealot x3  
  155  9:53  Zealot  
  155  9:54  Zealot  
  155  9:59  Pylon  
  161  10:05  Pylon  
  161  10:10  High Templar  
  161  10:11  High Templar  
  161  10:13  Pylon  
  165  10:18  Immortal (Chrono Boost)  
  165  10:19  Pylon  
  169  10:21  Pylon  
  157  10:37  Zealot x6  
  169  10:59  High Templar x4  
  169  11:00  High Templar x3  
  169  11:03  Archon x2  
  183  11:05  Archon  
  183  11:19  Nexus  
  183  11:36  Zealot x2  
  183  11:37  Zealot x2  
  183  11:38  Zealot x2  
  183  11:39  Zealot  
  143  12:21  Stalker x2  
  143  12:22  Stalker x3  
  153  12:23  High Templar x3  
Show
View Real Time Build Order
Export as new Build Order

zidar Zerg 

Build Orders: Hatch First 

Get SALT Encoding   

  12  0:01  Drone  
  13  0:12  Overlord  
  13  0:16  Drone  
  14  0:31  Drone x2  
  14  0:34  Drone  
  17  0:56  Hatchery  
  16  0:57  Drone  
  17  1:12  Spawning Pool  
  17  1:16  Drone  
  16  1:19  Extractor  
  16  1:21  Drone  
  16  1:25  Drone  
  17  1:46  Drone  
  18  1:48  Drone  
  19  1:59  Queen  
  21  2:12  Queen  
  23  2:18  Drone x4  
  23  2:19  Metabolic Boost  
  27  2:30  Overlord  
  27  2:31  Overlord  
  27  2:37  Extractor  
  27  2:39  Drone  
  27  2:42  Drone  
  28  2:48  Queen  
  30  3:02  Drone  
  30  3:03  Drone  
  30  3:04  Overlord, Drone  
  33  3:08  Drone  
  33  3:09  Drone  
  33  3:11  Drone  
  36  3:30  Roach Warren  
  35  3:35  Zergling x2  
  35  3:36  Zergling x4  
  35  3:40  Overlord  
  38  3:42  Drone x3  
  38  3:47  Pneumatized Carapace  
  41  4:24  Drone  
  41  4:25  Drone x3  
  45  4:35  Overlord x3  
  45  4:37  Hatchery  
  44  4:40  Lair  
  44  4:42  Drone x6  
  50  4:46  Extractor  
  49  5:22  Evolution Chamber  
  49  5:24  Evolution Chamber  
  47  5:47  Hydralisk Den  
  47  5:48  Zergling x12  
  47  5:49  Zergling x2  
  53  5:51  Overlord x2  
  53  5:52  Overlord  
  53  5:54  Overseer  
  52  6:19  Roach  
  52  6:20  Roach x8  
  52  6:23  Overlord  
  70  6:26  Zerg Missile Weapons Level 1, Zerg Ground Armor Level 1  
  65  6:47  Queen  
  65  6:50  Drone x7  
  65  6:51  Drone x3  
  77  6:57  Muscular Augments  
  77  7:00  Hydralisk x3  
  83  7:02  Ravager  
  83  7:03  Ravager x3  
  87  7:30  Overlord  
  87  7:31  Overlord x2  
  87  7:37  Roach x5, Hydralisk x3  
  97  7:42  Glial Reconstitution  
  103  7:53  Extractor  
  103  7:55  Extractor  
  101  7:59  Extractor  
  101  8:04  Drone x4  
  104  8:13  Hydralisk x7  
  118  8:21  Zerg Missile Weapons Level 2  
  118  8:39  Drone x3  
  118  8:41  Drone x5  
  126  8:51  Overlord x3  
  126  8:52  Overlord  
  126  8:57  Hydralisk x3  
  126  9:00  Zerg Ground Armor Level 2  
  132  9:10  Burrow, Infestation Pit  
  132  9:11  Overseer  
  131  9:22  Drone  
  131  9:23  Drone x3  
  135  9:26  Overlord x3  
  135  9:30  Hydralisk x7  
  133  10:39  Roach  
  133  10:40  Roach x10, Hydralisk x7  
  133  10:41  Hydralisk x3  
  175  10:52  Overlord  
  175  10:56  Hydralisk  
  175  10:57  Hydralisk x4  
  185  11:07  Lurker Den  
  185  11:12  Hive  
  185  11:18  Overseer  
  187  11:33  Roach x7  
  147  12:13  Hydralisk x4  
  147  12:14  Hydralisk x5  
Tags
 
Add a new tag
Caveats
  • Supply blocks, unpowered buildings, or Contaminate may cause inaccurate times.
  • Supply counts are checked every 10 seconds.